 Dungeon Crawl Stone Soup version 0.24-a0-537-g2d01d4ab0a (webtiles) character file.

Game seed: 13146089581000438038

6366 GordonOverkill the Spear-Bearer (level 10, -1/63 HPs)
             Began as a Deep Elf Berserker on Aug 16, 2019.
             Was an Elder of Trog.
             Slain by a crimson imp (2 damage)
             ... on level 10 of the Dungeon.
             The game lasted 00:18:34 (11629 turns).

GordonOverkill the Spear-Bearer (DEBe)             Turns: 11629, Time: 00:18:34

Health: -1/63      AC: 22    Str: 17    XL:     10   Next: 65%
Magic:  12/12      EV:  7    Int: 13    God:    Trog [****..]
Gold:   567        SH:  0    Dex: 14    Spells: 9/9 levels left

rFire    . . .     SeeInvis .   s - +3 glaive (protect)
rCold    + . .     Gourm    .   (shield currently unavailable)
rNeg     + . .     Faith    .   A - +0 plate armour
rPois    .         Spirit   .   C - +1 helmet
rElec    .         Reflect  .   b - +0 cloak
rCorr    .         Harm     .   (no gloves)
MR       +....                  (no boots)
Stlth    ..........             (no amulet)
HPRegen  0.20/turn              n - ring of protection from cold
MPRegen  0.13/turn              p - ring of positive energy

@: protection aura, berserk cooldown, slowed, lightly drained, very slow
A: no striking features
a: Berserk, Trog's Hand, Brothers in Arms, Renounce Religion


You were on level 10 of the Dungeon.
You worshipped Trog.
Trog was greatly pleased with you.
You were hungry.

You visited 1 branch of the dungeon, and saw 10 of its levels.

You collected 567 gold pieces.

Inventory:

Hand Weapons
 j - a +4 trident
 s - a +3 glaive of protection (weapon)
Missiles
 h - 330 stones
 w - 6 boomerangs (quivered)
Armour
 b - a +0 cloak (worn)
 y - a scarf of spirit shield
 A - a +0 plate armour (worn)
 C - a +1 helmet (worn)
Jewellery
 n - a ring of protection from cold (left hand)
 p - a ring of positive energy (right hand)
Wands
 e - a wand of polymorph (21)
 r - a wand of digging (8)
 z - a wand of scattershot (6)
 E - a wand of flame (10)
 F - a wand of paralysis (11)
Scrolls
 f - 2 scrolls of teleportation
 g - 4 scrolls of fog
 i - 3 scrolls of identify
 k - 4 scrolls of immolation
 o - a scroll of enchant armour
 t - 2 scrolls of blinking
 u - 2 scrolls of fear
Potions
 a - a potion of berserk rage
 d - 5 potions of flight
 l - a potion of haste {unknown}
 m - 2 potions of brilliance {unknown}
 q - 7 potions of curing
 v - a potion of lignification {unknown}
 x - 2 potions of mutation {unknown}
 B - 2 potions of heal wounds
Comestibles
 c - 14 rations
 D - 2 chunks of flesh


   Skills:
 + Level 7.3(6.8) Fighting
 * Level 9.3(8.7) Polearms
 + Level 6.0(5.4) Armour
 - Level 5.0(4.4) Dodging


You had 9 spell levels left.
You didn't know any spells.
Your spell library was empty.

Dungeon Overview and Level Annotations

Branches:
Dungeon (10/15)            Temple (0/1) D:5            Lair (0/6) D:8
    Orc: D:9-12

Altars:
Cheibriados
Dithmenos
Fedhas
Hepliaklqana
Kikubaaqudgha
Qazlal
Uskayaw
Wu Jian
Xom

Shops:
D:7 }

Annotations:
D:10 Nergalle


Message History

The wyvern skeleton bites you.
The spectral orc warrior hits you but does no damage. x2
Nergalle closely misses you.
The two-headed ogre hits you but does no damage.
The two-headed ogre hits you with a +0 giant club!
* * * LOW HITPOINT WARNING * * *
The wyvern skeleton barely misses you. Nergalle completely misses you.
The spectral orc warrior hits you but does no damage. x2
The spectral orc warrior closely misses you.
You closely miss Nergalle.
Nergalle is almost dead.
The wyvern skeleton bites you.
* * * LOW HITPOINT WARNING * * *
The two-headed ogre hits you but does no damage.
The two-headed ogre hits you with a +0 giant club!
* * * LOW HITPOINT WARNING * * *
Nergalle points at you and mumbles some strange words.
Orcish apparitions take form around you.
The crimson imp hits you.
You die...

#..#..####.#..........
......#..............
....................#
#?.........:......#
##..#..........<.##
##..#.............#
#.........##รท.....#
##..##.Z5Z.......#....##
......Z@Z!.......##..##
.....ZoOZ.....##..#...#
....).##.Z#..####.....#
...... ..##.... ......
..... ....#..... ).....
..... .......##. .....
.... ..... .... ....


You could see Nergalle, a two-headed ogre, 6 spectral orc warriors, a crimson
imp and a wyvern skeleton.

Vanquished Creatures
  Joseph (D:9)
  Psyche (D:9)
  A troll (D:10)
  A hippogriff (D:9)
  Sigmund (D:2)
  A basilisk (D:8)
  Grum (D:8)
  4 porcupines (D:8)
  2 orc warriors
  2 phantoms (D:9)
  2 black bears (D:8)
  A necrophage (D:9)
  6 wolves (D:8)
  5 ogres
  2 crocodiles (D:8)
  5 centaurs
  A gnoll sergeant (D:8)
  5 bullfrogs
  A wyvern skeleton (D:8)
  2 scorpions
  6 killer bees (D:8)
  3 wights (D:7)
  4 crimson imps
  3 bullfrog zombies
  4 howler monkeys
  A hound (D:4)
  4 orc priests
  A jelly (D:8)
  Crazy Yiuf (D:2)
  11 orc wizards
  2 centaur skeletons
  An iguana (D:8)
  6 worker ants
  A howler monkey zombie (D:5)
  Robin (D:2)
  6 gnolls
  12 adders
  2 shadow imps (D:10)
  2 oozes
  An adder zombie (D:9)
  An adder skeleton (D:9)
  3 worms
  3 dart slugs
  9 leopard geckos
  33 orcs
  6 bats
  4 giant cockroaches
  10 hobgoblins
  11 jackals
  13 kobolds
  4 quokkas
  A ball python (D:3)
  6 frilled lizards
  15 goblins
  2 leopard gecko zombies
  2 quokka skeletons
  A quokka zombie (D:6)
  7 rats
248 creatures vanquished.

Vanquished Creatures (others)
  A fungus (D:8)
  4 plants (D:8)
5 creatures vanquished.

Grand Total: 253 creatures vanquished

Notes
Turn   | Place    | Note
-------+----------+-------------------------------------------
     0 | D:1      | GordonOverkill the Deep Elf Berserker began the quest for
                  | the Orb.
     0 | D:1      | Reached XP level 1. HP: 13/13 MP: 3/3
   106 | D:1      | Reached XP level 2. HP: 9/18 MP: 4/4
   837 | D:1      | Reached XP level 3. HP: 22/22 MP: 5/5
  1182 | D:2      | Found an ancient bone altar of Kikubaaqudgha.
  1190 | D:2      | Found a snail-covered altar of Cheibriados.
  1194 | D:2      | Found a hide-covered altar of Uskayaw.
  1277 | D:2      | Noticed Robin
  1293 | D:2      | Reached ** piety under Trog
  1579 | D:2      | Killed Robin
  1579 | D:2      | Reached XP level 4. HP: 27/27 MP: 6/6
  1810 | D:2      | Found a runed translucent door.
  1811 | D:2      | Noticed Crazy Yiuf
  1835 | D:2      | Reached skill level 3 in Polearms
  2131 | D:2      | Noticed Sigmund
  2201 | D:2      | Killed Sigmund
  2201 | D:2      | Reached XP level 5. HP: 12/32 MP: 7/7
  2201 | D:2      | Reached XP level 6. HP: 14/37 MP: 8/8
  2433 | D:2      | Killed Crazy Yiuf
  2733 | D:2      | Found a stormy altar of Qazlal.
  2941 | D:3      | Found a blossoming altar of Fedhas.
  3048 | D:3      | Reached *** piety under Trog
  3627 | D:4      | Reached skill level 4 in Polearms
  3953 | D:4      | Reached XP level 7. HP: 42/42 MP: 9/9
  4371 | D:4      | Reached skill level 5 in Dodging
  4500 | D:5      | Entered Level 5 of the Dungeon
  4986 | D:5      | Found a staircase to the Ecumenical Temple.
  5054 | D:5      | Reached **** piety under Trog
  5160 | D:5      | Reached skill level 5 in Polearms
  5227 | D:5      | Reached XP level 8. HP: 38/48 MP: 10/10
  6196 | D:6      | Found a hazy altar of Hepliaklqana.
  6786 | D:6      | Reached skill level 5 in Fighting
  6786 | D:6      | Reached skill level 6 in Polearms
  7198 | D:7      | Found a shadowy altar of Dithmenos.
  7525 | D:7      | Found Dyogg's Gadget Shoppe.
  7928 | D:7      | Found a shimmering altar of Xom.
  8085 | D:7      | Reached XP level 9. HP: 54/54 MP: 11/11
  8484 | D:8      | Noticed Grum
  8490 | D:8      | Killed Grum
  8496 | D:8      | Reached skill level 5 in Armour
  8511 | D:8      | Reached skill level 7 in Polearms
  9100 | D:8      | Reached skill level 8 in Polearms
  9537 | D:8      | Found a staircase to the Lair.
  9546 | D:8      | Reached XP level 10. HP: 56/61 MP: 12/12
  9748 | D:8      | Found an ornate altar of the Wu Jian Council.
 10585 | D:9      | Noticed Psyche
 10592 | D:9      | Killed Psyche
 10809 | D:9      | Noticed Joseph
 10973 | D:9      | Reached skill level 9 in Polearms
 11103 | D:9      | Killed Joseph
 11566 | D:10     | Entered Level 10 of the Dungeon
 11614 | D:10     | Noticed Nergalle
 11622 | D:10     | Noticed a two-headed ogre
 11629 | D:10     | HP: 1/63 [two-headed ogre/+0 giant spiked club (12)]
 11629 | D:10     | Slain by a crimson imp

Levels and vault maps discovered:
D:1:      lightli_arrival_isolated_outpost, layout_basic
D:2:      layout_rooms, nicolae_overflow_hidden_temple, minitemple,
          first_ration, uniq_sigmund, uniq_robin, uniq_crazy_yiuf_cottage
D:3:      layout_rooms, fedhas_altar_3
D:4:      cheibrodos_helix_gallery, layout_basic
D:5:      layout_cave_pods, minmay_temple_entry_mist
D:6:      layout_rooms, lemuel_crystal_altar
D:7:      layout_gridville, basic_altar, serial_shops, nicolae_shop_trees,
          grunt_dithmenos_smoke_and_mirrors
D:8:      layout_basic, kennysheep_little_box, minmay_lair_entry_grove,
          uniq_grum
D:9:      layout_small_grid, uniq_joseph, uniq_psyche
D:10:     layout_cave_pools, gammafunk_ghost_smash, uniq_nergalle

Skill      XL: |  1  2  3  4  5  6  7  8  9 10 |
---------------+-------------------------------+-----
Dodging        | 3 4 5 |  5.0
Armour         | 2 3 4 5 6 |  6.0
Polearms       | 3 4 5 6 8 9 |  9.3
Fighting       | 3 4 5 6 7 |  7.3

Action                   |  1- 3 |  4- 6 |  7- 9 | 10-12 || total
-------------------------+-------+-------+-------+-------++-------
Melee: Spear             |   125 |   257 |   158 |       ||   540
       Unarmed           |     6 |       |       |       ||     6
       Trident           |       |       |   393 |       ||   393
       Glaive            |       |       |     4 |   173 ||   177
Throw: Stone             |     6 |       |     4 |       ||    10
       Boomerang         |       |       |     1 |       ||     1
Invok: Berserk           |     7 |    12 |    18 |     5 ||    42
       Trog's Hand       |       |       |     4 |     1 ||     5
  Use: Scroll            |     3 |     1 |    12 |       ||    16
       Potion            |     1 |     1 |     1 |       ||     3
  Eat: Chunk             |     8 |    15 |    31 |     7 ||    61
       Ration            |       |     1 |     2 |     1 ||     4
Armor: Animal skin       |     1 |       |       |       ||     1
       Chain mail        |    36 |   110 |   142 |       ||   288
       Ring mail         |     1 |       |       |       ||     1
       Skin              |       |     3 |       |       ||     3
       Plate armour      |       |       |   201 |   138 ||   339
Dodge: Dodged            |    60 |    81 |   213 |    72 ||   426

Table legend:
 A = Non-vault XP
 B = Vault XP
 C = Vault XP percentage of total XP
 D = Non-vault monster count
 E = Vault monster count
 F = Vault count percentage of total count
                 A         B        C        D         E       F
            +---------+---------+-------+---------+---------+-------
      Total |    5850 |    3245 |  35.7 |     214 |      34 |  13.7
            +---------+---------+-------+---------+---------+-------
        D:1 |      44 |       0 |   0.0 |      19 |       0 |   0.0
        D:2 |      93 |     287 |  75.5 |      29 |      14 |  32.6
        D:3 |     120 |       0 |   0.0 |      31 |       0 |   0.0
        D:4 |     432 |      35 |   7.5 |      20 |       2 |   9.1
        D:5 |     666 |       0 |   0.0 |      32 |       0 |   0.0
        D:6 |     706 |       0 |   0.0 |      16 |       0 |   0.0
        D:7 |     464 |       0 |   0.0 |      12 |       0 |   0.0
        D:8 |    1309 |    2029 |  60.8 |      25 |      16 |  39.0
        D:9 |    1596 |     894 |  35.9 |      26 |       2 |   7.1
       D:10 |     420 |       0 |   0.0 |       4 |       0 |   0.0
            +---------+---------+-------+---------+---------+-------
